cohdb
Replays
Latest Replays
All Replays
Popular Replays
Top Player Replays
Match Explorer
How It Works
Community
CoH3 Stats
Reddit
Sign in to upload your games and track your stats! →
Sign in with Steam
Match 46778712
Unlisted
Match 46778712
Overview
Messages
Build Orders
End
Scout Squad
Construct Barracks
Riflemen Squad
Riflemen Squad
Riflemen Squad
Grenade Package
Mechanized Support Center
Construct Motor Pool
M1 Anti-tank Gun Team
Engineer Squad
Construct Tank Depot
Selects Armored Battlegroup
Selects Strength in Steel
Selects Seek and Destroy
Selects UNKNOWN (2160077)
M4A3E8 Sherman Easy Eight
M4A3E8 Sherman Easy Eight
M1918 Browning Automatic Rifles
Selects Veteran Crews
Selects M31 Recovery Vehicle
M31 Recovery Vehicle
M4A3E8 Sherman Easy Eight
M4A3E8 Sherman Easy Eight
M4A3E8 Sherman Easy Eight
Improvised Armor
M4A3E8 Sherman Easy Eight
Riflemen Squad
LotDExile
Skayrippa
water
Boat Goes Binted
S4mY
USS_FreeIsrael
Woolridge
Erek
0
0
Comments
sign in to comment!
No comments posted yet!